 Dungeon Crawl Stone Soup version 0.31-a0-263-ge8cad7f256 (webtiles) character file.

Game seed: 5646371311916962189

109 lunkers the Ruffian (level 5, -7/41 HPs)
             Began as a Meteoran Shapeshifter on July 13, 2023.
             Mangled by an ice beast (14 damage)
             ... on level 4 of the Dungeon.
             The game lasted 00:03:18 (1204 turns).

lunkers the Ruffian (Meteoran Shapeshifter)         Turns: 1204, Time: 00:03:19

Health: -7/41      AC:  2    Str: 17    XL:     5   Next: 36%
Magic:  6/6        EV: 12    Int:  9    God:
Gold:   58         SH:  0    Dex: 16    Spells: 4/4 levels left

rFire   . .          .
                       - Unarmed
rCold   . . .        (no shield)
rNeg    . . .        a - +0 animal skin
rPois   .            (helmet currently unavailable)
rElec   .            (cloak currently unavailable)
rCorr   .            (gloves currently unavailable)
SInv    .            (boots currently unavailable)
Will    .....        (no amulet)
Stlth   +            (no ring)
HPRegen 0.26/turn    (no ring)
MPRegen 0.10/turn

%: no passive effects
@: beast-form, glowing
A: beast (slay +2), sense surroundings 1, otherworldly, glowing, explore regen
a: Begin Untransformation


You were on level 4 of the Dungeon.
You were a hulking beast.
You visited 1 branch of the dungeon, and saw 4 of its levels.

You collected 58 gold pieces.

Inventory:

Missiles
 n - 5 curare-tipped darts
Armour
 a - a +0 animal skin (worn)
Talismans
 c - a beast talisman
Potions
 b - a potion of lignification
 d - a potion of haste
 f - a potion of curing
 g - a potion of heal wounds
 h - a potion of mutation {unknown}
 k - a potion of enlightenment {unknown}


   Skills:
 - Level 2.1 Fighting
 - Level 2.4 Dodging
 + Level 5.9 Unarmed Combat
 - Level 3.6 Shapeshifting


You had 4 spell levels left.
You didn't know any spells.
Your spell library contained the following spells:

 Spells                   Type           Power      Damage    Failure   Level
 Stone Arrow              Conj/Erth      0%         3d7       77%         3
 Animate Armour           Summ/Erth      0%         N/A       99%         4
 Lehudib's Crystal Spear  Conj/Erth      0%         10d2      100%        8


Dungeon Overview and Level Annotations

Branches:
Dungeon (4/15) Zot: 1203
 Temple: D:4-7

Altars:

Annotations:
D:3 3 runed translucent doors, BillyBaka's ghost, amateur VSMo; Brisketman's ghost, weakling GnHs


Innate Abilities, Weirdness & Mutations

You are a hulking beast.
Your limbs bulge with bestial killing power. (Slay +2)
You passively map a small area around you.
You are easily found by Zot.
You glow in the dark.
You regain HP and MP as you explore.


Message History

The scorpion is almost dead.
You feel sick. The scorpion barely misses you.
You hit the scorpion.
You kill the scorpion!
You feel sick.
Your Unarmed Combat skill increases to level 5!
You have reached level 5!
You feel sick.
You feel sick.
You feel sick.
You feel sick.
You feel sick.
You are no longer poisoned.
You now have 58 gold pieces (gained 10).
An ice beast comes into view.
A hobgoblin comes into view.
The hobgoblin shouts!
You hit the hobgoblin.
The hobgoblin is lightly wounded.
The hobgoblin hits you.
You hit the hobgoblin.
The hobgoblin is moderately wounded.
The ice beast hits you. The ice beast freezes you! The hobgoblin hits you.
* * * LOW HITPOINT WARNING * * *
The ice beast attacks as you move away! The ice beast completely misses you.
You punch the hobgoblin!
You kill the hobgoblin!
Okay, then.
You hit the ice beast.
The ice beast is lightly wounded.
The ice beast hits you.
* * * LOW HITPOINT WARNING * * *
The ice beast freezes you!
* * * LOW HITPOINT WARNING * * *
You closely miss the ice beast.
The ice beast is lightly wounded.
The ice beast hits you.
* * * LOW HITPOINT WARNING * * *
The ice beast freezes you!
You die...

, #.# #......# #...# *
#.###..#..## #....
##.#........###.... ,
#####....###...........
,
.......##........##....
..#####....####.#..##...
.........### #.##.##...
.######.## #.##...... ,
, #h# #......... ,* , *
* #Y#* ####...... *
#.?...# #...... ,
#.....# #...... * *
#.....# #...... #.....#
####†## #.....# #...
#.....# #... #.....#
#...


You could see an ice beast.

Vanquished Creatures
  A scorpion (D:4)
  2 adders
  A worm (D:3)
  A dart slug (D:3)
  4 endoplasms
  A giant cockroach (D:1)
  2 goblins
  5 hobgoblins
  A quokka (D:3)
  6 ball pythons
  2 bats
  A frilled lizard (D:2)
  2 kobolds
  3 rats
32 creatures vanquished.

Notes
Turn   | Place    | Note
-------+----------+-------------------------------------------
     0 | D:1      | lunkers the Meteoran Shapeshifter began the quest for the
                  | Orb.
     0 | D:1      | Reached XP level 1. HP: 17/17 MP: 2/2
   220 | D:1      | Reached skill level 3 in Unarmed Combat
   220 | D:1      | Reached XP level 2. HP: 22/24 MP: 3/3
   531 | D:2      | Reached skill level 4 in Unarmed Combat
   531 | D:2      | Reached XP level 3. HP: 7/29 MP: 4/4
   782 | D:3      | Found a runed translucent gate.
   783 | D:3      | Found a runed translucent gate.
   784 | D:3      | Found a runed translucent gate.
   785 | D:3      | Noticed BillyBaka's ghost (amateur VSMo)
   786 | D:3      | Noticed Brisketman's ghost (weakling GnHs)
   893 | D:3      | Found a faded altar of an unknown god.
  1055 | D:4      | Reached XP level 4. HP: 35/36 MP: 5/5
  1129 | D:4      | Noticed a scorpion
  1143 | D:4      | Killed a scorpion
  1144 | D:4      | Reached skill level 5 in Unarmed Combat
  1144 | D:4      | Reached XP level 5. HP: 7/41 MP: 6/6
  1195 | D:4      | Noticed an ice beast
  1204 | D:4      | Mangled by an ice beast

Illustrated notes

Levels and vault maps discovered:
D:1:      heliophobic_arrival_glass_houses, layout_loops_corners
D:2:      layout_basic
D:3:      layout_basic, dreamdust_ecumenical_altar_grove,
          gammafunk_ghost_cemetery, grunt_ministairs_6
D:4:      old_forge, layout_rooms, minmay_temple_entry_butterflies,
          grunt_ministairs_7, nrook_loot_triangle,
          nicolae_concentric_dashed_squares_wild, grunt_decor_resistance,
          minmay_misc_feat_tiny

Skill      XL: |  1  2  3  4 |
---------------+-------------+-----
Unarmed Combat | 3 4 5 |  5.9
Fighting       | |  2.1
Dodging        | |  2.4
Shapeshifting  | |  3.6

Action                     |  1- 3 |  4- 6 || total
---------------------------+-------+-------++-------
  Melee: Unarmed           |    81 |    29 ||   110
         Punch             |     1 |       ||     1
    Use: Scroll            |       |     8 ||     8
 Armour: Animal skin       |    15 |     4 ||    19
  Dodge: Dodged            |    33 |    10 ||    43

Table legend: (Time is in decaauts)
 A = Elapsed time spent in this place.
 B = Non-inter-level travel time spent in this place.
 C = Inter-level travel time spent in this place.
 D = Time resting spent in this place.
 E = Time spent auto-exploring this place.
 F = Levels seen in this place.
 G = Mean time per level.
                   A        B        C        D        E       F      G
               +--------+--------+--------+--------+--------+-----+--------+
         Total |   1195 |   1153 |     42 |      0 |    840 |   4 |  298.8 |
       Dungeon |   1195 |   1153 |     42 |      0 |    840 |   4 |  298.8 |
               +--------+--------+--------+--------+--------+-----+--------+

Top non-repeatable levels by time:
     D:2: 378 daAuts
     D:1: 345 daAuts
     D:3: 317 daAuts
     D:4: 154 daAuts
